 Dungeon Crawl Stone Soup version 0.22-a0-305-gd21a89c (webtiles) character file.

102753 vishdafish the Warrior (level 16, -17/123 HPs)
             Began as an Ogre Arcane Marksman on Mar 28, 2018.
             Was a High Priest of Nemelex Xobeh.
             Demolished by a tentacled starspawn (32 damage)
             ... on level 1 of the Abyss.
             The game lasted 01:19:10 (27470 turns).

vishdafish the Warrior (Ogre Arcane Marksman)      Turns: 27470, Time: 01:19:11

Health: -17/123    AC: 17    Str: 18      XL:     16   Next: 34%
Magic:  20/23      EV: 12    Int: 15      God:    Nemelex Xobeh [*****.]
Gold:   1308       SH:  0    Dex: 11 (12) Spells: 20/33 levels left

rFire    . . .     SeeInvis .   S - +4 scimitar (flame)
rCold    . . .     Gourm    .   (no shield)
rNeg     + + +     Faith    .   W - +0 troll leather armour
rPois    .         Spirit   .   V - +2 hat of the Comet {-Tele rElec rN+++ Dex+3}
rElec    +         Reflect  +   y - +0 cloak
rCorr    .         Harm     .   (gloves unavailable)
MR       +....     Clarity  +   (boots unavailable) Stlth ..........NoTele +
                                P - +2 amulet of reflection
HPRegen  0.70/turn              h - +5 ring of protection
MPRegen  0.18/turn              c - +4 ring of protection

@: confused, lethally poisoned (-17 -> -18)
A: large, unfitting armour, hooves 1, [berserk 3], clarity, [dopey 2], [frail
3], [low mp 2], [screaming 2], tough skin 1
a: Triple Draw, Deal Four, Stack Five, Renounce Religion


You were on level 1 of the Abyss.
You worshipped Nemelex Xobeh.
Nemelex Xobeh was extremely pleased with you.
You were not hungry.

You visited 4 branches of the dungeon, and saw 21 of its levels.
You visited the Abyss 1 time.
You also visited: Labyrinth and Sewer.

You collected 1943 gold pieces.
You spent 635 gold pieces at shops.

Inventory:

Hand Weapons
 S - a +4 scimitar of flaming (weapon)
Missiles
 m - 15 javelins
 x - 2 large rocks (quivered)
 T - a throwing net
Armour
 w - a +0 large shield
 y - a +0 cloak (worn)
 V - the +2 hat of the Comet (worn) {-Tele rElec rN+++ Dex+3}
   (You found it on level 6 of the Lair of Beasts)

   It affects your dexterity (+3).
   It insulates you from electricity.
   It renders you almost immune to negative energy.
   It prevents most forms of teleportation.
 W - a +0 troll leather armour (worn)
Jewellery
 c - a +4 ring of protection (right hand)
 h - a +5 ring of protection (left hand)
 A - an uncursed ring of protection from fire
 B - an uncursed ring of resist corrosion
 G - the ring "Hair" {rC+ Str+4}
   (You found it in a labyrinth)

   [ring of protection from cold]

   It affects your strength (+4).
   It protects you from cold.
 I - an uncursed ring of magical power {unknown}
 P - a +2 amulet of reflection (around neck)
Wands
 t - a wand of disintegration (6)
 v - a wand of scattershot (20)
 D - a wand of iceblast (19)
 Y - a wand of flame (11)
Scrolls
 b - 2 scrolls of fear
 e - 2 scrolls of brand weapon
 g - a scroll of immolation
 l - 3 scrolls of enchant weapon
 o - 4 scrolls of remove curse
 p - 3 scrolls of fog
 q - 6 scrolls of enchant armour
 s - 7 scrolls of magic mapping
 u - 15 scrolls of teleportation
 E - a scroll of amnesia
 L - 2 scrolls of blinking
 N - a scroll of summoning
 R - a scroll of torment {unknown}
 U - 3 scrolls of vulnerability
 X - a scroll of silence {unknown}
 Z - a scroll of holy word {unknown}
Potions
 k - 5 potions of haste
 r - 3 potions of might
 z - 2 potions of resistance
 C - a potion of invisibility
 F - 4 potions of magic
 J - a potion of lignification
 K - 4 potions of agility
 M - 3 potions of brilliance
 Q - a potion of cancellation
Miscellaneous
 i - an ornate deck of summoning
 j - an ornate deck of summoning
 O - a legendary deck of summoning
Comestibles
 f - 22 rations


   Skills:
 - Level 15.2 Fighting
 - Level 13.8 Long Blades
 - Level 7.1 Throwing
 - Level 4.1 Armour
 * Level 7.2 Dodging
 * Level 4.2 Shields
 - Level 9.2 Spellcasting
 - Level 8.0 Hexes
 - Level 4.2 Translocations
 - Level 9.0 Invocations


You had 20 spell levels left.
You knew the following spells:

 Your Spells              Type           Power        Failure   Level  Hunger
a - Corona                Hex            ####...      1%          1    None
b - Dispel Undead         Necr           #.......     98%         5    #####..
c - Portal Projectile     Hex/Tloc       ####..       3%          3    #......
d - Cause Fear            Hex            ####......   4%          4    ###....


Dungeon Overview and Level Annotations

Branches:
Dungeon (12/15)            Temple (1/1) D:6            Lair (6/6) D:11
  Swamp (0/4) Lair:4        Snake (0/4) Lair:4        Slime (0/5) Lair:5
    Orc (2/2) D:10
    Elf: Orc:2

Altars:
Ashenzari
Cheibriados
Elyvilon
Fedhas
Gozag
Hepliaklqana
Kikubaaqudgha
Makhleb
Nemelex Xobeh
Okawaru
Sif Muna
Trog
Uskayaw
Wu Jian
Yredelemnul
Zin
Beogh

Shops:
D:11 *   Orc:1 ?(


Innate Abilities, Weirdness & Mutations

You are too large for most types of armour.
You have tough skin. (AC +1)
You have large cloven feet.
You possess an exceptional clarity of mind.
[You have an uncontrollable temper.]
[You are very dopey. (Int -4)]
[You are extremely frail. (-30% HP)]
[Your magical capacity is very low. (-20% MP)]
[You sometimes yell uncontrollably at your foes.]


Message History

Deal from which deck? (? for menu, Esc to quit)
You deal a card...
It is the Rangers.
You deal a card...
It is the Dance.
You see a puff of smoke.
You deal a card...
It is the Pentagram.
You see a puff of smoke.
You deal a card...
It is the Illusion.
You see a puff of smoke.
The deck of cards glows slightly and disappears.
The large abomination hits your yaktaur!!
You are confused.
You feel invigorated.
Your yaktaur hits the large abomination.
The tentacled starspawn bites you.
* * * LOW HITPOINT WARNING * * *
The tentacled starspawn engulfs you but does no damage.
The large abomination hits your yaktaur!!
Your yaktaur dies!
Your yaktaur's corpse disappears in a puff of smoke!
Your yaktaur hits the large abomination.
The tentacled starspawn bites you!!
You die...
Your body disappears without a glow.

# . .. .#.#
##...##. #
##..##.. ..
... . #.#.#.
. #...
#....##.#..
. ..
#....*#.# .
. #..#Xc## .
#.###ยง#X(.#
. # #@#...#
. # ####
.#... #
......# .
#.# ...#....
. #. ...##..
# #.# ...
.#. # ..#..
. # .... . .
#.


You could see a tentacled starspawn, a wretched star, a large abomination, a
friendly yaktaur and a friendly trident of freezing.

Vanquished Creatures
  A tentacled starspawn (Abyss:1)
  5 dire elephants (Lair:6)
  A minotaur (Lab)
  A great orb of eyes (Abyss:1)
  4 hydras
  Erica (D:9)
  Harold (Lair:2)
  A catoblepas (Lair:5)
  An anaconda (Lair:6)
  3 two-headed ogres
  An orc high priest (Orc:1)
  Urug (D:11)
  A wretched star (Abyss:1)
  A shadow wraith (Abyss:1)
  A lindwurm (Lair:3)
  4 orc knights
  3 orc sorcerers
  Pikel (D:4)
  A large abomination (Abyss:1)
  An ugly thing (D:12)
  22 elephants
  2 cyclopes
  2 manticores
  3 black mambas (Lair:5)
  A centaur zombie (D:10)
  A torpor snail (Lair:5)
  A smoke demon (Abyss:1)
  9 spiny frogs
  A gargoyle (D:12)
  3 molten gargoyles (D:9)
  An orange demon (Abyss:1)
  9 komodo dragons
  A kobold demonologist (D:12)
  6 trolls
  Grinder (D:4)
  A meliai (Lair:5)
  2 polar bears
  A hornet (Lair:3)
  6 dream sheep
  12 blink frogs
  10 hippogriffs
  2 small abominations (Abyss:1)
  A shadow (D:12)
  A vampire (D:11)
  2 redbacks (Lab)
  A basilisk (Lair:3)
  4 wyverns
  A wraith (Abyss:1)
  19 yaks
  Grum (Lair:1)
  A golden eye (Lair:5)
  2 hungry ghosts (D:10)
  Edmund (D:5)
  Menkaure (D:4)
  4 nagas (Lair:4)
  5 wargs (Orc:1)
  23 water moccasins
  12 porcupines
  29 orc warriors
  A swamp drake (D:11)
  6 sky beasts
  6 ice beasts
  A black bear (Lair:4)
  6 ogres
  A phantom (D:6)
  12 wolves
  3 centaurs
  18 crocodiles
  2 big kobolds
  11 bullfrogs
  31 killer bees
  6 scorpions
  3 wights
  4 crimson imps
  3 howler monkeys
  A quasit (D:8)
  18 orc priests
  2 jellies
  A bullfrog skeleton (D:9)
  3 hounds
  4 centaur skeletons
  Crazy Yiuf (D:3)
  Ijyb (D:5)
  26 orc wizards
  8 worker ants
  A hound zombie (D:9)
  A hound skeleton (D:10)
  Robin (D:3)
  3 gnolls (D:5)
  A river rat (Sewer)
  8 adders
  5 shadow imps
  An ufetubus (Abyss:1)
  6 worms
  7 dart slugs
  4 leopard geckos
  88 orcs
  6 giant cockroaches
  14 goblins
  5 hobgoblins
  4 jackals (D:7)
  2 quokkas
  5 ball pythons
  11 bats
  10 frilled lizards
  A jackal skeleton (D:4)
  A jackal zombie (D:6)
  14 kobolds
  A leopard gecko skeleton (D:6)
  17 rats
  A fungus (Lair:6)
  2 plants (Lair:6)
  2 starspawn tentacles (Abyss:1)
640 creatures vanquished.

Vanquished Creatures (collateral kills)
  An orc warlord (Orc:1)
  Fannar (Lair:1)
  A catoblepas (Lair:4)
  A two-headed ogre (D:8)
  An orc knight (Orc:1)
  A molten gargoyle (D:9)
  A queen bee (Lair:2)
  A wyvern (Lair:6)
  A yak (Lair:2)
  A sky beast (D:7)
  An orc warrior (Orc:1)
  A crocodile (Lair:6)
  A scorpion (D:8)
  4 killer bees
  An orc (Orc:1)
18 creatures vanquished.

Vanquished Creatures (others)
  A wight (D:8)
  5 killer bees
  A quasit (Abyss:1)
  2 fire vortices (D:7)
  8 fungi
  39 plants
  A starspawn tentacle (Abyss:1)
57 creatures vanquished.

Grand Total: 715 creatures vanquished

Notes
Turn   | Place    | Note
-------+----------+-------------------------------------------
     0 | D:1      | vishdafish the Ogre Arcane Marksman began the quest for the Orb.
     0 | D:1      | Reached XP level 1. HP: 19/19 MP: 2/2
   330 | D:1      | Reached XP level 2. HP: 27/28 MP: 4/4
   393 | D:1      | Reached skill level 2 in Fighting
   548 | D:1      | Reached XP level 3. HP: 29/35 MP: 5/5
  1356 | D:2      | Reached XP level 4. HP: 41/44 MP: 7/7
  1542 | D:2      | Found a white marble altar of Elyvilon.
  1954 | D:3      | Noticed Robin
  1960 | D:3      | Killed Robin
  1960 | D:3      | Reached skill level 3 in Fighting
  1994 | D:3      | Found a runed door.
  1998 | D:3      | Noticed Crazy Yiuf
  2000 | D:3      | Killed Crazy Yiuf
  2000 | D:3      | Reached XP level 5. HP: 52/53 MP: 8/8
  2582 | D:4      | Noticed Menkaure
  2584 | D:4      | Killed Menkaure
  2584 | D:4      | Reached skill level 4 in Fighting
  2584 | D:4      | Reached XP level 6. HP: 62/62 MP: 9/9
  2606 | D:4      | Noticed a slave
  3029 | D:4      | Noticed Grinder
  3030 | D:4      | Paralysed by Grinder for 2 turns
  3038 | D:4      | Killed Grinder
  3038 | D:4      | Reached skill level 5 in Fighting
  3038 | D:4      | Reached XP level 7. HP: 60/72 MP: 10/10
  3387 | D:4      | Noticed Pikel
  3404 | D:4      | Killed Pikel
  3404 | D:4      | Reached skill level 6 in Fighting
  3404 | D:4      | Reached skill level 5 in Throwing
  3404 | D:4      | Reached skill level 5 in Dodging
  3404 | D:4      | Reached XP level 8. HP: 74/84 MP: 11/11
  3565 | D:5      | Entered Level 5 of the Dungeon
  3577 | D:5      | Found a glowing drain.
  3580 | D:5      | Reached skill level 7 in Fighting
  3605 | Sewer    | Entered a sewer
  4108 | D:5      | Noticed Ijyb
  4119 | D:5      | Killed Ijyb
  4235 | D:5      | Noticed Edmund
  4250 | D:5      | Killed Edmund
  4250 | D:5      | Reached skill level 1 in Long Blades
  4390 | D:5      | Found a deep blue altar of Sif Muna.
  4959 | D:6      | Reached skill level 8 in Fighting
  4959 | D:6      | Reached XP level 9. HP: 96/96 MP: 12/12
  5449 | D:6      | Found a staircase to the Ecumenical Temple.
  5474 | Temple   | Entered the Ecumenical Temple
  5559 | Temple   | Became a worshipper of Nemelex Xobeh the Trickster
  5594 | D:6      | Received a gift from Nemelex Xobeh
  5732 | D:6      | Reached skill level 1 in Invocations
  5893 | D:6      | Found an iron altar of Okawaru.
  5900 | D:6      | Found an opulent altar of Gozag.
  6001 | D:6      | Found a blossoming altar of Fedhas.
  6351 | D:7      | Reached skill level 5 in Long Blades
  6491 | D:7      | Reached * piety under Nemelex Xobeh
  6749 | D:7      | Reached skill level 9 in Fighting
  7367 | D:8      | Noticed a two-headed ogre
  7409 | D:7      | Reached XP level 10. HP: 81/107 MP: 13/13
  7866 | D:8      | Reached skill level 5 in Invocations
  8228 | D:8      | Killed a two-headed ogre
  8665 | D:8      | Found a blossoming altar of Fedhas.
  8879 | D:9      | Noticed a two-headed ogre
  8884 | D:9      | Killed a two-headed ogre
  8884 | D:9      | Reached skill level 10 in Fighting
  8921 | D:9      | Found a snail-covered altar of Cheibriados.
  8994 | D:9      | Noticed a molten gargoyle
  9376 | D:9      | Found a bloodstained altar of Trog.
  9376 | D:9      | Found a burning altar of Makhleb.
  9379 | D:9      | Found a hide-covered altar of Uskayaw.
  9649 | D:9      | Reached ** piety under Nemelex Xobeh
  9704 | D:9      | Received a gift from Nemelex Xobeh
 10048 | D:9      | Noticed a molten gargoyle
 10061 | D:9      | Killed a molten gargoyle
 10087 | D:9      | Noticed a molten gargoyle
 10104 | D:10     | Entered Level 10 of the Dungeon
 10351 | D:9      | Killed a molten gargoyle
 10351 | D:9      | Reached XP level 11. HP: 94/119 MP: 16/16
 10713 | D:9      | Noticed Erica
 10734 | D:9      | Killed Erica
 11801 | D:10     | Reached skill level 11 in Fighting
 12062 | D:10     | Received a gift from Nemelex Xobeh
 12512 | D:10     | Found a staircase to the Orcish Mines.
 12828 | D:10     | Reached skill level 1 in Armour
 12888 | D:11     | Found a staircase to the Lair.
 12919 | D:11     | Found Qucum's Assorted Antiques.
 12937 | D:11     | Noticed a two-headed ogre
 12947 | D:11     | Killed a two-headed ogre
 12960 | D:11     | Reached *** piety under Nemelex Xobeh
 12960 | D:11     | Received a gift from Nemelex Xobeh
 12984 | D:11     | Bought a scroll of identify for 64 gold pieces
 12984 | D:11     | Bought a scroll of identify for 64 gold pieces
 12984 | D:11     | Bought 2 scrolls of identify for 128 gold pieces
 12984 | D:11     | Bought a scroll labeled AJEPSI LEUFA for 32 gold pieces
 13008 | D:11     | Bought a notched glass ring for 160 gold pieces
 13169 | D:11     | Noticed Urug
 13190 | D:11     | Killed Urug
 13567 | D:11     | Noticed a cyclops
 13576 | D:12     | Found a labyrinth entrance.
 13585 | Lab      | Entered a labyrinth
 13859 | Lab      | Noticed a minotaur
 13875 | Lab      | Killed a minotaur
 13898 | Lab      | Got a bound platinum ring
 13904 | Lab      | Identified the ring "Hair" {rC+ Str+4} (You found it in a labyrinth)
 14038 | D:12     | Reached XP level 12. HP: 123/131 MP: 18/18
 14189 | D:12     | Noticed a two-headed ogre
 14196 | D:12     | Killed a two-headed ogre
 14196 | D:12     | Reached skill level 10 in Long Blades
 14443 | D:12     | Reached skill level 12 in Fighting
 14983 | Lair:1   | Entered Level 1 of the Lair of Beasts
 14993 | Lair:1   | Learned a level 5 spell: Dispel Undead
 15050 | Lair:1   | Reached **** piety under Nemelex Xobeh
 15050 | Lair:1   | Received a gift from Nemelex Xobeh
 15449 | Lair:1   | Noticed Fannar
 15463 | Lair:1   | Killed Fannar
 15724 | Lair:1   | Noticed Grum
 15728 | Lair:1   | Killed Grum
 15945 | Lair:1   | Received a gift from Nemelex Xobeh
 16383 | Lair:1   | Learned a level 3 spell: Portal Projectile
 16388 | Lair:1   | Learned a level 4 spell: Cause Fear
 16468 | Lair:2   | Noticed Harold
 16501 | Lair:2   | Reached XP level 13. HP: 40/141 MP: 20/20
 16506 | Lair:2   | Killed Harold
 16656 | Lair:2   | Reached skill level 13 in Fighting
 16656 | Lair:2   | Reached skill level 5 in Spellcasting
 16656 | Lair:2   | Reached skill level 5 in Hexes
 17213 | Lair:2   | Received a gift from Nemelex Xobeh
 17639 | Lair:3   | Reached ***** piety under Nemelex Xobeh
 17844 | Lair:3   | Received a gift from Nemelex Xobeh
 18775 | Lair:3   | Received a gift from Nemelex Xobeh
 19844 | Lair:4   | Found a staircase to the Swamp.
 19895 | Lair:4   | Found a staircase to the Snake Pit.
 20144 | Lair:4   | Received a gift from Nemelex Xobeh
 20464 | Lair:4   | Reached skill level 14 in Fighting
 21013 | Lair:5   | Received a gift from Nemelex Xobeh
 21017 | Lair:5   | Reached XP level 14. HP: 152/156 MP: 24/24
 21247 | Lair:5   | Gained mutation: You have large cloven feet. [potion of mutation]
 21247 | Lair:5   | Gained mutation: You possess an exceptional clarity of mind. [potion of mutation]
 21250 | Lair:5   | Got a smoking trident
 21261 | Lair:5   | Identified the cursed +1 trident of Infinity {vamp, rElec Str-2 Int+3} (You found it on level 5 of the Lair of Beasts)
 21319 | Lair:5   | HP: 4/156 [komodo dragon (17)]
 21641 | Lair:5   | Found a staircase to the Slime Pits.
 21948 | Lair:6   | Entered Level 6 of the Lair of Beasts
 21948 | Lair:6   | Received a gift from Nemelex Xobeh
 23504 | Lair:6   | Received a gift from Nemelex Xobeh
 24074 | Lair:6   | Reached ****** piety under Nemelex Xobeh
 24101 | Lair:6   | Noticed a dire elephant
 24110 | Lair:6   | Killed a dire elephant
 24125 | Lair:6   | Noticed a dire elephant
 24129 | Lair:6   | Killed a dire elephant
 24133 | Lair:6   | Noticed a dire elephant
 24147 | Lair:6   | Killed a dire elephant
 24393 | Lair:6   | Received a gift from Nemelex Xobeh
 24393 | Lair:6   | Noticed a dire elephant
 24393 | Lair:6   | Noticed a dire elephant
 24401 | Lair:6   | Killed a dire elephant
 24407 | Lair:6   | Killed a dire elephant
 24419 | Lair:6   | Got a dazzling hat
 24425 | Lair:6   | Identified the +2 hat of the Comet {-Tele rElec rN+++ Dex+3} (You found it on level 6 of the Lair of Beasts)
 24936 | Orc:1    | Entered Level 1 of the Orcish Mines
 25047 | Orc:1    | Found Jonier's Magic Scroll Boutique.
 25087 | Orc:1    | Reached skill level 15 in Fighting
 25125 | Orc:1    | Bought a scroll of teleportation for 45 gold pieces
 25125 | Orc:1    | Bought 3 scrolls of identify for 90 gold pieces
 25125 | Orc:1    | Bought a scroll of fear for 52 gold pieces
 25473 | Orc:1    | Found a roughly hewn altar of Beogh.
 25639 | Orc:1    | Found Giraes's Antique Weapon Emporium.
 25705 | Orc:1    | Found Jeoxt's Assorted Antiques.
 25780 | Orc:1    | Reached skill level 1 in Translocations
 25784 | Orc:1    | Reached XP level 15. HP: 94/167 MP: 28/28
 26001 | Orc:2    | Entered Level 2 of the Orcish Mines
 26432 | Orc:2    | Noticed an orc warlord
 26657 | Orc:1    | Killed an orc warlord
 26918 | Orc:2    | Received a gift from Nemelex Xobeh
 27064 | Orc:2    | Reached skill level 1 in Shields
 27179 | Orc:2    | Cast into level 1 of the Abyss (orc warrior)
 27310 | Abyss:1  | Noticed a tentacled starspawn
 27311 | Abyss:1  | Reached XP level 16. HP: 176/176 MP: 29/29
 27323 | Abyss:1  | Killed a tentacled starspawn
 27412 | Abyss:1  | Paralysed by a great orb of eyes for 6 turns
 27448 | Abyss:1  | Noticed a tentacled starspawn
 27470 | Abyss:1  | Demolished by a tentacled starspawn

Vault maps used:
D:1:      mushboom_english_gardens, hangedman_decor_growths, minmay_pentomino_p4
D:2:      nicolae_overflow_hidden_temple, minmay_misc_feat_five, minivault_23
D:3:      uniq_crazy_yiuf_cottage, uniq_robin
D:4:      uniq_grinder, uniq_menkaure, uniq_pikel
D:5:      led_sif_book, first_ration, cheibrodos_sewer_entry_bend, uniq_edmund,
          uniq_ijyb
D:6:      fedhas_altar_fruit_tree, amethyst_overflow_temple_binary,
          minmay_temple_entry_butterflies
D:8:      basic_altar
D:9:      slow_altar_1, grunt_temple_overflow_open, basic_altar, minivault_8,
          uniq_erica
D:10:     erik_orc_1, minivault_24
D:11:     lair_entry_dummy, serial_shops, shop, grunt_tengu_nest,
          grunt_ministairs_7, kennysheep_generic_room_10, uniq_urug
D:12:     lab_entry_generic
Temple:   dpeg_chambers_temple
Lair:1:   uniq_grum, uniq_fannar
Lair:2:   special_room, uniq_harold
Lair:3:   cheibrodos_lair_overgrown_chateau, minmay_stone_trees_medium
Lair:4:   nzn_motion_control, swamp_mist_pool,
          minmay_snake_entry_guardpost_large, grunt_megastairs_3
Lair:5:   slime_dummy, serial_bayou_shore_b
Lair:6:   due_jungle_book, lemuel_fruit_tree
Orc:1:    serial_shops, nicolae_shop_overgrown_old_shop, shop_coins,
          nicolae_shop_trees, bh_open_orc_temple
Orc:2:    st_orc_mages, mines2_lemuel
Lab:      labyrinth_hidden_loot, nicolae_lab_x, nicolae_lab_lava,
          nicolae_lab_arrow, labyrinth_glass_1, lab_block, nicolae_lab_statue,
          nicolae_lab_grate_2, nicolae_lab_blocks, nicolae_lab_dead_end,
          nicolae_lab_checkerboard, lab_hedge, labyrinth_skeletal_remains
Sewer:    sewer_co_cracked_pipes

Skill      XL: |  1  2  3  4  5  6  7  8  9 10 11 12 13 14 15 16 |
---------------+-------------------------------------------------+-----
Dodging        | 2 3 4 5 6 7 |  7.2
Fighting       | 2 3 4 5 6 8 9 10 11 12 14 15 | 15.2
Hexes          | 3 4 6 8 |  8.0
Spellcasting   | 2 4 7 9 |  9.2
Throwing       | 3 4 5 6 7 |  7.1
Long Blades    | 3 5 7 9 11 12 13 | 13.8
Invocations    | 4 7 9 |  9.0
Armour         | 3 4 |  4.1
Translocations | 1 4 |  4.2
Shields        | 3 4 |  4.2

Action                   |  1- 3 |  4- 6 |  7- 9 | 10-12 | 13-15 | 16-18 || total
-------------------------+-------+-------+-------+-------+-------+-------++-------
Melee: Unarmed           |    10 |       |       |       |       |       ||    10
       Club              |     9 |       |       |       |       |       ||     9
       Short sword       |    24 |       |       |       |       |       ||    24
       Dagger            |    36 |       |       |       |       |       ||    36
       Whip              |    29 |    72 |   178 |       |       |       ||   279
       Scimitar          |       |       |   180 |   492 |  1067 |    54 ||  1793
       Great sword       |       |       |       |   141 |       |       ||   141
       Kick              |       |       |       |       |   214 |    20 ||   234
Throw: Large rock        |    22 |    32 |    45 |    30 |    13 |     1 ||   143
       Throwing net      |       |     2 |     2 |       |       |       ||     4
       Tomahawk          |       |       |     8 |       |       |       ||     8
       Javelin           |       |       |       |    28 |    40 |       ||    68
 Cast: Portal Projectile |       |       |       |       |     4 |       ||     4
       Cause Fear        |       |       |       |       |     6 |       ||     6
Invok: Deal Four         |       |       |       |       |       |     2 ||     2
Evoke: Deck              |       |       |     4 |    19 |    33 |     1 ||    57
       Wand              |       |       |       |    17 |     3 |       ||    20
  Use: Scroll            |       |     4 |     3 |    11 |    11 |       ||    29
       Potion            |       |     2 |     3 |     5 |     6 |     3 ||    19
 Stab: Held in net/web   |       |       |     1 |       |       |       ||     1
       Sleeping          |       |       |     1 |       |       |       ||     1
       Confused          |       |       |       |     1 |       |       ||     1
       Distracted        |       |       |       |       |     2 |     1 ||     3
       Fleeing           |       |       |       |       |     1 |       ||     1
  Eat: Ration            |       |     1 |     2 |     7 |     5 |     1 ||    16
       Chunk             |       |     3 |     9 |    12 |    21 |       ||    45
Armor: Robe              |    92 |    33 |   201 |   122 |       |       ||   448
       Skin              |       |     2 |    10 |    13 |       |       ||    25
       Troll leather arm |       |       |       |   195 |   495 |    14 ||   704
Dodge: Dodged            |    87 |    48 |   201 |   368 |   559 |    18 ||  1281
Block: Other             |       |       |       |       |    65 |       ||    65
       Reflection        |       |       |       |       |     1 |       ||     1
       Rpst.: Scimitar   |       |       |    40 |    79 |   145 |     5 ||   269
       Great sword       |       |       |       |    20 |       |       ||    20

Table legend:
 A = Spawn XP
 B = Non-spawn XP
 C = Spawn XP percentage of total XP
 D = Spawn monster count
 E = Non-spawn monster count
 F = Spawn count percentage of total count
 G = Total turns spent on level
                    A         B        C        D         E        F      G
               +---------+---------+-------+---------+---------+-------+---------
         Total |    5868 |   96426 |   5.7 |       8 |     651 |   1.2 | 27470
               +---------+---------+-------+---------+---------+-------+---------
           D:1 |       0 |      66 |   0.0 |       0 |      33 |   0.0 |   880
           D:2 |       0 |      17 |   0.0 |       0 |      10 |   0.0 |   731
           D:3 |       0 |     106 |   0.0 |       0 |      23 |   0.0 |   927
           D:4 |       0 |    1353 |   0.0 |       0 |      21 |   0.0 |  1027
           D:5 |       0 |     739 |   0.0 |       0 |      23 |   0.0 |   917
           D:6 |       0 |    1053 |   0.0 |       0 |      22 |   0.0 |  1186
           D:7 |       0 |    1297 |   0.0 |       0 |      32 |   0.0 |  1318
           D:8 |       0 |    2224 |   0.0 |       0 |      26 |   0.0 |  1663
           D:9 |       0 |    4570 |   0.0 |       0 |      32 |   0.0 |  2016
          D:10 |       0 |    2230 |   0.0 |       0 |      28 |   0.0 |  1318
          D:11 |       0 |    3154 |   0.0 |       0 |      12 |   0.0 |  1168
          D:12 |       0 |    5702 |   0.0 |       0 |      29 |   0.0 |  1017
        Lair:1 |       0 |    6882 |   0.0 |       0 |      28 |   0.0 |  1382
        Lair:2 |       0 |    7483 |   0.0 |       0 |      42 |   0.0 |  1128
        Lair:3 |       0 |    8007 |   0.0 |       0 |      25 |   0.0 |  1938
        Lair:4 |       0 |    7985 |   0.0 |       0 |      38 |   0.0 |  1623
        Lair:5 |       0 |   10204 |   0.0 |       0 |      38 |   0.0 |  2016
        Lair:6 |       0 |   16446 |   0.0 |       0 |      41 |   0.0 |  1751
         Orc:1 |       0 |   10402 |   0.0 |       0 |      68 |   0.0 |  1766
         Orc:2 |       0 |    3647 |   0.0 |       0 |      51 |   0.0 |   477
       Abyss:1 |    5868 |    1615 |  78.4 |       8 |       4 |  66.7 |   291
           Lab |       0 |    1196 |   0.0 |       0 |       3 |   0.0 |   351
         Sewer |       0 |      48 |   0.0 |       0 |      22 |   0.0 |   464
               +---------+---------+-------+---------+---------+-------+---------
